 Seeded DCSS version 0.32-a0-42-ga30500b4d3 (webtiles) character file.

Game seed: 9872065412798756122 (custom seed)

6158 timneilson the Ruffian (level 10, -16/71 HPs)
             Began as an Octopode Shapeshifter on Jan 27, 2024.
             Was an Initiate of Gozag.
             Demolished by Gastronok (27 damage)
             ... on level 10 of the Dungeon.
             The game lasted 00:26:20 (9822 turns).

timneilson the Ruffian (Octopode Shapeshifter)      Turns: 9822, Time: 00:26:21

Health: -16/71     AC:  5    Str: 23    XL:     10   Next: 90%
Magic:  13/13      EV: 19    Int: 21    God:    Gozag
Gold:   769        SH:  5    Dex: 12    Spells: 3/13 levels left

rFire   + .          .
                       - Unarmed
rCold   + + .        (shield currently unavailable)
rNeg    + . .        (helmet restricted)
rPois   +            F - amulet of reflection
rElec   .            v - ring "Ymiduc" {rC++ AC+4 Int+3}
rCorr   .            B - ring of see invisible
SInv    +            u - ring of wizardry
Will    ++...        C - ring of Casuq {Str+6 Int+5}
Stlth   ++           D - ring of willpower
HPRegen 0.31/turn    E - ring of positive energy
MPRegen 0.13/turn    G - ring of Beogh's Regard {rPois Will+}
                     H - ring of protection from fire

%: reflection, wizardry (x1)
@: flux-form, glowing
A: glow, contaminating, almost no armour, amphibious, 8 rings, camouflage 1,
gelatinous body 1, (nimble swimmer 1), tentacles
a: Begin Untransformation, Renounce Religion, Potion Petition, Call Merchant,
Bribe Branch


You were on level 10 of the Dungeon.
You worshipped Gozag.
Gozag was pleased with you.
You were something dangerously unstable.
You visited 2 branches of the dungeon, and saw 11 of its levels.

You collected 4979 gold pieces.
You spent 2665 gold pieces at shops.
You paid 1545 gold pieces to Gozag.

Inventory:

Missiles
 e - 29 poisoned darts
 y - 6 curare-tipped darts (quivered)
 A - 4 throwing nets
Jewellery
 u - a ring of wizardry (on tentacle)
 v - the ring "Ymiduc" (left tentacle) {rC++ AC+4 Int+3}
   (You acquired it on level 6 of the Dungeon)

   [ring of protection]

   AC+4:      It affects your AC (+4).
   Int+3:     It affects your intelligence (+3).
   rC++:      It greatly protects you from cold.
 B - a ring of see invisible (right tentacle)
 C - the ring of Casuq (on tentacle) {Str+6 Int+5}
   (You found it on level 7 of the Dungeon)

   [ring of strength]

   Str+6:     It affects your strength (+6).
   Int+5:     It affects your intelligence (+5).
 D - a ring of willpower (on tentacle)
 E - a ring of positive energy (on tentacle)
 F - an amulet of reflection (around mantle)
 G - the ring of Beogh's Regard (on tentacle) {rPois Will+}
   (You bought it in a shop on level 8 of the Dungeon)

   [ring of willpower]

   rPois:     It protects you from poison Will+: It increases your willpower.
 H - a ring of protection from fire (on tentacle)
 I - a ring of protection from cold
Talismans
 c - a flux talisman (active)
 p - a talisman of death
 J - a blade talisman
Wands
 b - a wand of acid (3)
 w - a wand of iceblast (9)
 x - a wand of paralysis (7)
 L - a wand of flame (10)
Scrolls
 d - 3 scrolls of revelation
 h - a scroll of fear
 j - 2 scrolls of brand weapon
 l - 2 scrolls of poison
 r - a scroll of fog
 s - 7 scrolls of teleportation
 t - 2 scrolls of amnesia
 z - a scroll of identify
Potions
 a - a potion of lignification
 f - 3 potions of magic {unknown}
 g - 2 potions of curing
 i - a potion of brilliance
 k - 5 potions of invisibility
 m - 2 potions of enlightenment
 n - 2 potions of heal wounds
 o - a potion of might
 q - 3 potions of mutation
 N - a potion of attraction {unknown}


   Skills:
 * Level 7.0 Fighting
 * Level 7.2 Dodging
 + Level 7.1 Stealth
 * Level 7.5 Unarmed Combat
 + Level 2.3 Spellcasting
 + Level 2.5 Translocations
 + Level 2.4 Air Magic
 + Level 2.6 Earth Magic
 + Level 2.9 Evocations
 * Level 7.0 Shapeshifting


You had 3 spell levels left.
You knew the following spells:

 Your Spells              Type           Power      Damage    Failure   Level
a - Blink                 Tloc           26%        N/A       3%          2
b - Passwall              Erth           13%        N/A       6%          3
c - Swiftness             Air            12%        N/A       6%          3
d - Lesser Beckoning      Tloc           26%        N/A       3%          2

Your spell library contained the following spells:

 Spells                   Type           Power      Damage    Failure   Level
 Momentum Strike          Conj/Tloc      14%        3d8       5%          2
 Call Imp                 Summ           4%         N/A       9%          2
 Ensorcelled Hibernation  Hex/Ice        4%         N/A       9%          2
 Sublimation of Blood     Necr           2%         N/A       9%          2
 Summon Hydra             Summ           1%         N/A       100%        7


Dungeon Overview and Level Annotations

Branches:
Dungeon (10/15)            Temple (1/1) D:5            Lair (0/5) D:9
    Orc: D:9-12

Altars:
Ashenzari
Cheibriados
Dithmenos
Elyvilon
Fedhas
Gozag
Hepliaklqana
Kikubaaqudgha
Makhleb
Nemelex Xobeh
Okawaru
Qazlal
Ru
Sif Muna
Trog
Uskayaw
Vehumet
Wu Jian
Xom
Yredelemnul
Zin
The Shining One

Shops:
D:1 :   D:8 :?=   D:9 *

Annotations:
D:4 1 runed translucent door
D:10 1 runed translucent door, Azoth's ghost, journeyman DEHu; Gastronok
Temple 2 transporters


Innate Abilities, Weirdness & Mutations

You are something dangerously unstable.
You glow with magical radiation, making you easy to see and hit.
Foes you strike become dangerously contaminated with magical radiation.
You are incapable of wielding weapons or throwing items.
You cannot wear most types of armour.
You are amphibious.
You can wear up to eight rings at the same time.
Your skin changes colour to match your surroundings (Stealth+).
Your rubbery body absorbs attacks. (AC +1, EV +1)
((You are camouflaged when in or above water. (Stealth+)))
You have tentacles for arms and can constrict up to eight enemies at once.


Message History

The quokka bites you.
There is an open door here.
You tentacle-slap the quokka.
The quokka begins to glow.
You grab the quokka.
The quokka is severely wounded.
You constrict the quokka.
You kill the quokka!
The quokka's corpse disappears in a puff of smoke!
There is an open door here.
Gastronok bites you!!
You tentacle-slap Gastronok.
Gastronok begins to glow.
Gastronok is lightly wounded.
The bat completely misses you.
You tentacle-slap Gastronok.
Gastronok glows dangerously bright.
Gastronok is lightly wounded.
The bat closely misses you. Gastronok bites you!!
* * * LOW HITPOINT WARNING * * *
You tentacle-slap Gastronok.
Gastronok shudders as magic cascades through him!!
Gastronok twists and deforms.
Gastronok is lightly wounded.
The bat closely misses you. x2
Unknown command.
You bludgeon Gastronok!
Gastronok begins to glow.
Gastronok is moderately wounded.
The bat misses you.
You tentacle-slap Gastronok.
Gastronok glows dangerously bright.
Gastronok is moderately wounded.
The bat misses you.
Gastronok mumbles some strange words.
You tentacle-slap Gastronok.
Gastronok shudders as magic cascades through him!!
Gastronok twists and deforms.
Gastronok is heavily wounded.
The bat barely misses you.
You tentacle-slap Gastronok.
Gastronok begins to glow.
Gastronok is heavily wounded.
Gastronok bites you!!
You die...
Gastronok gurgles, "About time.
I'm starving!"
Your body crumbles into a pile of gold.

#...# #........ #. #.[.#...
#........ #... #...#... #........
#... #...#..# #........ #...#
#...#..# #........
#...######...#..# #...#####
#............#r.# #...#....
#............#bw# #...#....
###...........##p.#++##.#...'....
#.........[...'.........#...#....
#.............#####+##+##...#....
#........(..................#....
#.....#########...........P.PPP..
####..#.[.....+...........P...P..
#..#.......#...........P...P..
#..'.......#...........P...P..
#..#.......#...........PPPPP..


You could see Gastronok (contam, misshapen), a bat (summoned) and a rat
(summoned).

Vanquished Creatures
  A deep elf pyromancer (D:7)
  An unseen horror (D:10)
  Sigmund (D:3)
  The ghost of Azoth the Skirmisher, an amateur DEHu (D:4)
  A shadow (D:10)
  A wyvern (D:9)
  A steam dragon (D:7)
  3 vampire mosquitoes (D:10)
  2 water moccasins (D:7)
  2 orc warriors
  3 ice beasts
  2 ogres
  3 black bears
  2 sky beasts
  6 centaurs
  2 kobold brigands
  The ghost of Azoth the Shooter, an amateur DEHu of Dithmenos (D:3)
  Blork the orc (D:4)
  4 bullfrogs
  A gnoll sergeant (D:9)
  2 scorpions
  3 wights (D:6)
  8 killer bees
  5 howler monkeys (D:9)
  2 bombardier beetles
  7 hounds
  A gnoll bouda (D:9)
  4 orc priests
  4 jellies
  3 sleepcaps
  6 iguanas
  An orc wizard (D:9)
  2 hound zombies (D:5)
  16 gnolls
  7 adders
  A white imp (D:6)
  2 ufetubi (D:6)
  A dart slug (D:4)
  3 ribbon worms
  18 orcs
  A bat (D:1)
  10 endoplasms
  2 giant cockroaches
  6 goblins
  10 hobgoblins
  2 jackals (D:9)
  A quokka (D:4)
  2 ball pythons
  2 frilled lizards (D:1)
  18 kobolds
  4 rats
193 creatures vanquished.

Notes
Turn   | Place    | Note
-------+----------+-------------------------------------------
     0 | D:1      | timneilson the Octopode Shapeshifter began the quest for
                  | the Orb.
     0 | D:1      | Reached XP level 1. HP: 13/13 MP: 1/1
   252 | D:1      | Found Logiotz's Book Emporium.
   321 | D:1      | Reached XP level 2. HP: 18/18 MP: 2/2
   445 | D:1      | Reached skill level 1 in Stealth
  1217 | D:2      | Reached XP level 3. HP: 16/23 MP: 3/3
  1515 | D:2      | Found a faded altar of an unknown god.
  2098 | D:3      | Found a sparkling altar of Nemelex Xobeh.
  2099 | D:3      | Found an opulent altar of Gozag.
  2104 | D:3      | Became a worshipper of Gozag Ym Sagoz the Greedy
  2118 | D:3      | Found a runed translucent gate.
  2118 | D:3      | Found a runed translucent gate.
  2118 | D:3      | Found a runed translucent gate.
  2118 | D:3      | Noticed Azoth's ghost (amateur DEHu)
  2122 | D:3      | Identified the +2 leather armour of Nubi {rElec Regen+}
  2203 | D:3      | Found a shadowy altar of Dithmenos.
  2204 | D:3      | Found a shimmering altar of Xom.
  2356 | D:3      | Noticed Sigmund
  2368 | D:3      | Killed Sigmund
  2369 | D:3      | Reached XP level 4. HP: 30/30 MP: 4/4
  2369 | D:3      | Reached XP level 5. HP: 35/35 MP: 5/5
  2430 | D:3      | Reached XP level 6. HP: 41/41 MP: 6/6
  2797 | D:3      | Killed Azoth's ghost
  2982 | D:4      | Noticed a black bear
  2991 | D:4      | Killed a black bear
  2992 | D:4      | Reached XP level 7. HP: 43/46 MP: 7/7
  3242 | D:4      | Found a snail-covered altar of Cheibriados.
  3696 | D:4      | Noticed Blork the orc
  3702 | D:4      | Killed Blork the orc
  3766 | D:4      | Reached skill level 5 in Unarmed Combat
  3800 | D:4      | Reached XP level 8. HP: 10/54 MP: 3/8
  4171 | D:4      | Found a runed translucent door.
  4176 | D:4      | Noticed Azoth's ghost (amateur DEHu)
  4199 | D:4      | Found a runed translucent door.
  4276 | D:5      | Entered Level 5 of the Dungeon
  4547 | D:5      | Found a staircase to the Ecumenical Temple.
  4550 | D:5      | Identified a scroll of acquirement
  4550 | D:5      | Acquired 1079 gold pieces
  4567 | D:5      | Reached skill level 5 in Shapeshifting
  4691 | D:5      | Reached skill level 5 in Dodging
  4718 | Temple   | Found a transporter.
  4718 | Temple   | Found a transporter.
  4718 | Temple   | Found a transporter.
  4718 | Temple   | Found a transporter.
  4718 | Temple   | Entered the Ecumenical Temple
  4972 | D:5      | Found a hide-covered altar of Uskayaw.
  5126 | D:5      | Found a basalt altar of Yredelemnul.
  5197 | D:6      | Reached skill level 5 in Fighting
  5212 | D:6      | Reached skill level 5 in Stealth
  5256 | D:6      | Acquired 1108 gold pieces
  5262 | D:6      | Acquired the ring "Ymiduc" {rC++ AC+4 Int+3}
  5264 | D:6      | Acquired 968 gold pieces
  5279 | D:6      | Reached XP level 9. HP: 53/61 MP: 6/9
  6476 | D:1      | Bought a book of Spatial Translocations for 180 gold pieces
  6479 | D:1      | Learned a level 2 spell: Blink
  6483 | D:1      | Learned a level 3 spell: Passwall
  6487 | D:1      | Learned a level 3 spell: Swiftness
  6602 | D:4      | Killed Azoth's ghost
  6711 | D:7      | You fall into a shaft and drop 1 floor!
  6804 | D:7      | Found an ornate altar of the Wu Jian Council.
  6921 | D:7      | Reached skill level 1 in Earth Magic
  7094 | D:7      | Noticed a deep elf pyromancer
  7105 | D:7      | Reached skill level 1 in Evocations
  7126 | D:7      | Reached skill level 1 in Translocations
  7132 | D:7      | Reached skill level 1 in Spellcasting
  7132 | D:7      | Reached skill level 1 in Air Magic
  7147 | D:7      | Reached XP level 10. HP: 28/68 MP: 6/11
  7301 | D:7      | Killed a deep elf pyromancer
  7310 | D:7      | Identified the ring of Casuq {Str+6 Int+5}
  7582 | D:8      | Found Udeps's Jewellery Shoppe.
  7594 | D:8      | Bought a ring of willpower for 325 gold pieces
  7594 | D:8      | Bought a ring of positive energy for 260 gold pieces
  7594 | D:8      | Bought an amulet of reflection for 390 gold pieces
  7594 | D:8      | Bought the ring of Beogh's Regard {rPois Will+} for 470
                  | gold pieces
  7594 | D:8      | Bought a ring of protection from fire for 325 gold pieces
  7594 | D:8      | Bought a ring of protection from cold for 325 gold pieces
  7594 | D:8      | Bought a blade talisman for 390 gold pieces
  7808 | D:8      | Learned a level 2 spell: Lesser Beckoning
  8018 | D:8      | Found a bloodstained altar of Trog.
  8411 | D:9      | Found Xajeloir's Assorted Antiques.
  8435 | D:9      | Found a staircase to the Lair.
  9263 | D:10     | Entered Level 10 of the Dungeon
  9263 | D:10     | Found a runed translucent door.
  9336 | D:10     | Noticed Azoth's ghost (journeyman DEHu)
  9339 | D:10     | Noticed an unseen horror
  9355 | D:10     | Killed an unseen horror
  9801 | D:10     | Noticed Gastronok
  9822 | D:10     | Demolished by Gastronok

Illustrated notes

Levels and vault maps discovered:
D:1:      dpeg_arrival_stone_temple_mockup, layout_loops_corners, serial_shops,
          shop, minmay_split_cup_large
D:2:      layout_basic, chequers_ecumenical_altar_grove, chequers_jeans
D:3:      cheibrodos_thug_alley, layout_rooms, grunt_temple_overflow_opulence,
          grunt_temple_overflow_open, biasface_ghost_orc_armoury, uniq_sigmund
D:4:      minmay_razor_zed, layout_gridville, cheibriados_altar_1,
          ebering_ghost_sewer_f, serial_bayou, serial_bayou_pond_d,
          serial_bayou_shore_b, serial_bayou_pond_a, serial_bayou_shore_b,
          uniq_blork_the_orc
D:5:      layout_rooms, lemuel_doored_altar, lemuel_zombie_altar_yredelemnul,
          minmay_temple_entry_overgrown, nicolae_underground_beach
D:6:      layout_basic
D:7:      minmay_clustersquares, layout_loops_cross,
          mainiacjoe_overflow_catwalk, kennysheep_windowed_goal
D:8:      layout_loops_ring, general_overflow_altar, serial_shops,
          nicolae_diamond_shop
D:9:      layout_cave_pools, lair_entry_dummy, serial_gnoll_camp,
          gnoll_camp_mini_shop, gnoll_camp_medium_02, gnoll_camp_mini_hut,
          gnoll_camp_mini_hut
D:10:     layout_irregular_city, hellmonk_ghost_big_iron,
          minmay_gold_behind_fungi, uniq_fannar, uniq_gastronok
Temple:   hellmonk_temple_divided_pantheon

Skill      XL: |  1  2  3  4  5  6  7  8  9 10 |
---------------+-------------------------------+-----
Stealth        | 1 2 3 5 6 7 |  7.1
Fighting       | 2 3 4 5 6 7 |  7.0
Dodging        | 3 4 5 6 7 |  7.2
Unarmed Combat | 4 5 6 7 |  7.5
Shapeshifting  | 4 5 6 7 |  7.0
Earth Magic    | 1 2 |  2.6
Evocations     | 1 2 |  2.9
Translocations | 1 2 |  2.5
Spellcasting   | 1 2 |  2.3
Air Magic      | 1 2 |  2.4

Action                     |  1- 3 |  4- 6 |  7- 9 | 10-12 || total
---------------------------+-------+-------+-------+-------++-------
  Melee: Unarmed           |    65 |    59 |   221 |   159 ||   504
         Constrict         |    16 |    12 |    42 |    41 ||   111
         Tentacles         |    13 |    13 |    51 |    43 ||   120
         Punch             |     1 |       |    16 |     5 ||    22
  Throw: Dart              |       |       |    40 |     4 ||    44
 Invoke: Call Merchant     |       |       |       |     2 ||     2
    Use: Scroll            |    11 |     3 |     8 |     4 ||    26
         Potion            |     1 |       |       |       ||     1
   Stab: Sleeping          |     8 |     3 |    21 |     3 ||    35
         Distracted        |       |       |     2 |       ||     2
 Armour: Skin              |    20 |    23 |   101 |    78 ||   222
  Dodge: Dodged            |    27 |    22 |   128 |   106 ||   283
  Block: Other             |       |       |       |    43 ||    43
         Reflection        |       |       |       |     2 ||     2
   Form: Flux              |       |       |       |     1 ||     1

Table legend: (Time is in decaauts)
 A = Elapsed time spent in this place.
 B = Non-inter-level travel time spent in this place.
 C = Inter-level travel time spent in this place.
 D = Time resting spent in this place.
 E = Time spent auto-exploring this place.
 F = Levels seen in this place.
 G = Mean time per level.
                   A        B        C        D        E       F      G
               +--------+--------+--------+--------+--------+-----+--------+
         Total |   9773 |   9111 |    662 |   1369 |   4929 |  11 |  888.5 |
       Dungeon |   9771 |   9109 |    662 |   1369 |   4929 |  10 |  977.1 |
        Temple |      1 |      1 |      0 |      0 |      0 |   1 |    1.0 |
               +--------+--------+--------+--------+--------+-----+--------+

Top non-repeatable levels by time:
     D:4: 1524 daAuts
     D:6: 1177 daAuts
     D:2: 1117 daAuts
     D:1: 1064 daAuts
     D:9: 1053 daAuts
     D:3: 968 daAuts
     D:7: 884 daAuts
     D:5: 759 daAuts
     D:8: 670 daAuts
    D:10: 552 daAuts
  Temple: 1 daAuts
